 Dungeon Crawl Stone Soup version 0.29-a0-1016-g236c7fd91e (webtiles) character file.

Game seed: 7486417637523265690

1832 componib the Carver (level 8, -5/73 HPs)
             Began as a Minotaur Berserker on Aug 9, 2022.
             Was a Priest of Trog.
             Succumbed to a killer bee's poison
             ... on level 8 of the Dungeon.
             The game lasted 00:28:31 (5060 turns).

componib the Carver (Minotaur Berserker)            Turns: 5060, Time: 00:28:33

Health: -5/73      AC: 16    Str: 24    XL:     8   Next: 86%
Magic:  7/7        EV:  8    Int:  4    God:    Trog [***...]
Gold:   383        SH:  0    Dex: 10    Spells: 7/7 levels left

rFire   . . .      SeeInvis .   x - +2 long sword (freeze)
rCold   . . .      Faith    .   o - orb {*Rage}
rNeg    . . .      Spirit   .   q - +2 plate armour
rPois   .          Reflect  .   (helmet restricted)
rElec   .          Harm     .   (no cloak)
rCorr   .          Rampage  .   (no gloves)
Will    .....      Rage     20% s - +0 pair of boots
Stlth   ..........              e - amulet of regeneration
HPRegen 1.02/turn               (no ring)
MPRegen 0.10/turn               (no ring)

@: lethally poisoned (-5 -> -22), on berserk cooldown, slowed, very slow
A: horns 2, retaliatory headbutt
a: Renounce Religion, Berserk, Trog's Hand


You were on level 8 of the Dungeon.
You worshipped Trog.
Trog was most pleased with you.
You visited 1 branch of the dungeon, and saw 7 of its levels.

You collected 383 gold pieces.

Inventory:

Hand Weapons
 a - a +0 falchion
 h - a +0 scimitar
 p - a +0 giant club
 v - a +2 falchion of flaming
 x - a +2 long sword of freezing (weapon)
Armour
 c - a +0 ring mail
 m - a +0 chain mail
 o - an orb of wrath (worn)
 q - a +2 plate armour (worn)
 s - a +0 pair of boots (worn)
 u - +0 steam dragon scales
 A - +0 acid dragon scales
Magical Staves
 r - a staff of air
Jewellery
 e - an amulet of regeneration (around neck)
Scrolls
 d - a scroll of immolation
 g - 2 scrolls of teleportation
 i - a scroll of fear
 j - a scroll of amnesia {unknown}
 l - 2 scrolls of vulnerability
 y - a scroll of blinking {unknown}
 z - a scroll of summoning
 B - a scroll of fog
Potions
 b - a potion of curing
 f - 2 potions of lignification
 k - a potion of flight
 n - a potion of attraction
 t - a potion of haste {unknown}
 w - a potion of brilliance {unknown}


   Skills:
 + Level 7.0 Fighting
 + Level 10.0 Long Blades
 + Level 7.1 Armour
 + Level 4.4 Dodging
 + Level 0.7 Stealth


You had 7 spell levels left.
You didn't know any spells.
Your spell library contained the following spells:

 Spells                   Type           Power      Damage    Failure   Level
 Apportation              Tloc           0%         N/A       100%        1
 Beastly Appendage        Tmut           0%         N/A       100%        1
 Wereblood                Tmut           0%         N/A       100%        2
 Spider Form              Tmut/Pois      0%         N/A       100%        3
 Alistair's Intoxication  Tmut/Pois      0%         N/A       100%        5


Dungeon Overview and Level Annotations

Branches:
Dungeon (8/15)
 Temple: D:4-7         Lair: D:8-11

Altars:
Fedhas
Xom
Yredelemnul

Shops:
D:7 *

Annotations:
D:7 2 transporters, xian's ghost, novice SpCj
D:8 Amaemon


Innate Abilities, Weirdness & Mutations

You have a pair of horns on your head.
You reflexively headbutt those who attack you in melee.


Message History

You feel extremely sick. The killer bee closely misses you.
The killer bee completely misses you. The killer bee stings you.
The killer bee stings you but does no damage.
The killer bee closely misses you. The killer bee barely misses you.
You furiously retaliate!
You headbutt the killer bee! The killer bee stings you.
You are more poisoned.
The killer bee poisons you!
The killer bee stings you but does no damage.
The killer bee stings you.
* * * LOW HITPOINT WARNING * * *
The killer bee barely misses you. You furiously retaliate!
You headbutt the killer bee, but do no damage.
The killer bee stings you but does no damage.
The killer bee barely misses you. You furiously retaliate!
You headbutt the killer bee! You open the door.
* * * LOW HITPOINT WARNING * * *
You feel extremely sick. The killer bee stings you.
* * * LOW HITPOINT WARNING * * *
The killer bee stings you but does no damage. x2
The killer bee stings you.
* * * LOW HITPOINT WARNING * * *
The killer bee stings you but does no damage. x4
The killer bee stings you.
* * * LOW HITPOINT WARNING * * *
You are more poisoned.
The killer bee poisons you! The killer bee barely misses you.
You furiously retaliate!
You headbutt the killer bee. The killer bee stings you.
* * * LOW HITPOINT WARNING * * *
The killer bee barely misses you.
The killer bee attacks as you move away!
The killer bee stings you but does no damage.
The killer bee attacks as you move away!
The killer bee stings you but does no damage.
Amaemon the Diabolical Poisoner comes into view.
He is wielding a +0 demon whip of venom.
You die...

......#....#.(.#
......+....#...#
......#<.[##...#
###'###...##..##########
#....#........#.........
#....'........#.........
#....#######..#........6
#######...##..#.........
#.....#.......##@######
#.....#........#.y....#
#.....'..†.....yyy....#
####'#######+###'#######
..........y.y...........
........................
........................
......................$.
...)....................


You could see Amaemon (asleep) and 4 killer bees.

Vanquished Creatures
  2 steam dragons (D:7)
  An acid dragon (D:8)
  An orc warrior (D:6)
  A sky beast (D:6)
  3 ogres
  A centaur (D:6)
  3 bullfrogs
  A scorpion (D:6)
  6 killer bees (D:8)
  2 jellies
  A gnoll bouda (D:7)
  4 orc priests
  An iguana (D:4)
  2 orc wizards
  4 gnolls (D:7)
  2 adders (D:3)
  A dart slug (D:1)
  9 orcs
  2 ball pythons (D:1)
  5 endoplasms
  4 giant cockroaches
  8 goblins
  6 hobgoblins
  7 jackals
  8 kobolds
  A quokka (D:1)
  4 bats
  2 frilled lizards
  2 rats
94 creatures vanquished.

Vanquished Creatures (others)
  A demonic plant (D:1)
  20 fungi (D:7)
21 creatures vanquished.

Grand Total: 115 creatures vanquished

Notes
Turn   | Place    | Note
-------+----------+-------------------------------------------
     0 | D:1      | componib the Minotaur Berserker began the quest for the
                  | Orb.
     0 | D:1      | Reached XP level 1. HP: 19/19 MP: 0/0
   293 | D:1      | Reached XP level 2. HP: 27/27 MP: 1/1
   315 | D:1      | Reached skill level 4 in Long Blades
   355 | D:1      | Found a faded altar of an unknown god.
  1016 | D:1      | Reached ** piety under Trog
  1017 | D:1      | Reached XP level 3. HP: 33/33 MP: 2/2
  1353 | D:2      | Found a blossoming altar of Fedhas.
  2194 | D:3      | Reached skill level 5 in Long Blades
  2194 | D:3      | Reached XP level 4. HP: 41/41 MP: 3/3
  2267 | D:4      | Noticed an ogre
  2276 | D:4      | Killed an ogre
  2277 | D:4      | Reached XP level 5. HP: 36/47 MP: 4/4
  2497 | D:4      | Noticed an ogre
  2503 | D:4      | Killed an ogre
  2504 | D:4      | Reached skill level 5 in Fighting
  2504 | D:4      | Reached skill level 6 in Long Blades
  2504 | D:4      | Reached XP level 6. HP: 56/56 MP: 5/5
  2535 | D:4      | You fall into a shaft and drop 3 floors!
  2615 | D:7      | Noticed a steam dragon
  2616 | D:7      | Noticed a steam dragon
  2654 | D:7      | Found Haaqunic's Neck Hole.
  2881 | D:7      | Noticed an orc warrior
  2887 | D:7      | Found a transporter.
  2887 | D:7      | Noticed a troll
  2888 | D:7      | Noticed xian's ghost (novice SpCj)
  2890 | D:7      | Noticed a komodo dragon
  2920 | D:7      | Killed a steam dragon
  2921 | D:7      | Reached skill level 7 in Long Blades
  2921 | D:7      | Reached XP level 7. HP: 61/61 MP: 6/6
  2988 | D:7      | Found a shimmering altar of Xom.
  2988 | D:7      | Found a basalt altar of Yredelemnul.
  3101 | D:6      | Reached skill level 5 in Armour
  3257 | D:6      | Reached skill level 8 in Long Blades
  3379 | D:6      | Reached XP level 8. HP: 70/70 MP: 7/7
  3484 | D:6      | Reached *** piety under Trog
  3696 | D:7      | Found a transporter.
  3769 | D:7      | Reached skill level 9 in Long Blades
  4968 | D:8      | Reached skill level 10 in Long Blades
  5059 | D:8      | HP: 1/73 [killer bee (4)]
  5060 | D:8      | Noticed Amaemon
  5060 | D:8      | Succumbed to a killer bee's poison

Illustrated notes

Levels and vault maps discovered:
D:1:      dpeg_arrival_morbid_curiosity, layout_loops_ring,
          dreamdust_ecumenical_altar_sealed_demon, dreamdust_wishing_well,
          item_on_display_b
D:2:      layout_basic, basic_altar, nicolae_figureground_pulse
D:3:      layout_loops_corners, gammafunk_ghost_smash, bh_walls_and_bars,
          uniq_sigmund
D:4:      layout_rooms
D:6:      layout_rooms
D:7:      kennysheep_steamy, layout_layer_cave, gammafunk_temple_overflow_wave,
          gammafunk_ghost_arena, nicolae_shop_sticking_my_neck_out
D:8:      layout_gridville, uniq_amaemon, uniq_grum

Skill      XL: |  1  2  3  4  5  6  7  8 |
---------------+-------------------------+-----
Long Blades    | 4 5 6 7 8 10 | 10.0
Fighting       | 4 5 6 7 |  7.0
Armour         | 3 4 5 7 |  7.1
Dodging        | 3 4 |  4.4
Stealth        | |  0.7

Action                   |  1- 3 |  4- 6 |  7- 9 || total
-------------------------+-------+-------+-------++-------
Melee: Falchion          |    66 |       |    22 ||    88
       Headbutt          |    17 |    11 |    21 ||    49
       Scimitar          |    54 |    39 |    16 ||   109
       Long sword        |       |       |    75 ||    75
Invok: Berserk           |     1 |     1 |       ||     2
       Trog's Hand       |       |     1 |       ||     1
  Use: Scroll            |     7 |       |     7 ||    14
       Potion            |       |     1 |     3 ||     4
Armor: Animal skin       |     1 |       |       ||     1
       Ring mail         |    27 |       |       ||    27
       Chain mail        |    24 |    14 |     3 ||    41
       Plate armour      |       |       |    85 ||    85
       Skin              |       |       |    50 ||    50
Dodge: Dodged            |    57 |    20 |    64 ||   141

Table legend: (Time is in decaauts)
 A = Elapsed time spent in this place.
 B = Non-inter-level travel time spent in this place.
 C = Inter-level travel time spent in this place.
 D = Time resting spent in this place.
 E = Time spent auto-exploring this place.
 F = Levels seen in this place.
 G = Mean time per level.
                   A        B        C        D        E       F      G
               +--------+--------+--------+--------+--------+-----+--------+
         Total |   5269 |   4989 |    280 |    725 |   2314 |   7 |  752.7 |
       Dungeon |   5269 |   4989 |    280 |    725 |   2314 |   7 |  752.7 |
               +--------+--------+--------+--------+--------+-----+--------+

Top non-repeatable levels by time:
     D:7: 1379 daAuts
     D:1: 1322 daAuts
     D:2: 760 daAuts
     D:8: 672 daAuts
     D:6: 599 daAuts
     D:4: 301 daAuts
     D:3: 233 daAuts
